 Seeded DCSS version 0.31-a0-208-gdb31a4691d (webtiles) character file.

Game seed: 14209007432101048097 (custom seed)

23 innerfire43 the Trooper (level 2, -4/24 HPs)
             Began as a Demonspawn Monk on June 28, 2023.
             Was a Priest of Wu Jian.
             Slain by a gnoll
             ... wielding a +0 club
              (8 damage)
             ... on level 2 of the Dungeon.
             The game lasted 00:00:35 (977 turns).

innerfire43 the Trooper (Demonspawn Monk)            Turns: 977, Time: 00:00:36

Health: -4/24      AC:  2    Str: 11    XL:     2   Next: 75%
Magic:  2/2        EV: 13    Int: 11    God:    Wu Jian [***...]
Gold:   35         SH:  0    Dex: 15    Spells: 1/1 levels left

rFire   . . .        a - +0 hand axe
rCold   . . .        d - orb {light}
rNeg    . . .        b - +0 robe
rPois   .            (helmet restricted)
rElec   .            (no cloak)
rCorr   .            (no gloves)
SInv    .            (no boots)
Will    .....        (no amulet)
Stlth   +            (no ring)
HPRegen 0.24/turn    (no ring)
MPRegen 0.08/turn

%: no passive effects
@: confused, ambrosia-drunk, glowing
A: horns 1
a: Renounce Religion, Wall Jump, Serpent's Lash


You were on level 2 of the Dungeon.
You worshipped Wu Jian.
Wu Jian was most pleased with you.
You visited 1 branch of the dungeon, and saw 2 of its levels.

You collected 35 gold pieces.

Inventory:

Hand Weapons
 a - a +0 hand axe (weapon)
Armour
 b - a +0 robe (worn)
 d - an orb of light (worn)
Jewellery
 h - an amulet of the acrobat
Scrolls
 e - 3 scrolls of identify {unknown}
Potions
 f - a potion of brilliance {unknown}
 g - a potion of magic {unknown}


   Skills:
 + Level 3.3 Fighting
 + Level 3.0 Axes
 + Level 3.0 Dodging


You had one spell level left.
You didn't know any spells.
Your spell library was empty.

Dungeon Overview and Level Annotations

Branches:
Dungeon (2/15)

Altars:
Wu Jian


Innate Abilities, Weirdness & Mutations

You have a pair of small horns on your head.


Message History

There is an open door here.
Things that are here:
a +0 whip; a kobold skeleton Done exploring.
No target in view!
Done exploring.
No target in view!
Done exploring.
No target in view!
Done exploring.
There is a stone staircase leading down here.
You climb downwards.
The gnoll shouts! x3
Found an escape hatch in the ceiling.
There is a stone staircase leading up here.
There are monsters nearby!
You hit the gnoll but do no damage. The gnoll hits you but does no damage.
There are monsters nearby!
You hit the gnoll but do no damage. You hit the gnoll but do no damage.
The gnoll hits you with a +0 spear.
There are monsters nearby!
You hit the gnoll but do no damage. You hit the gnoll.
The gnoll hits you with a +0 club. The gnoll hits you with a +0 spear!
* * * LOW HITPOINT WARNING * * *
You are confused.
You feel invigorated. The gnoll hits you with a +0 club.
* * * LOW HITPOINT WARNING * * *
The gnoll hits you with a +0 club.
* * * LOW HITPOINT WARNING * * *
The gnoll barely misses you.
You bump into the rock wall.
The gnoll hits you with a +0 club.
* * * LOW HITPOINT WARNING * * *
The gnoll misses you. The gnoll closely misses you.
You hit the gnoll.
The gnoll is lightly wounded.
You hit the gnoll. You barely miss the gnoll. The gnoll barely misses you.
The gnoll hits you with a +0 spear.
* * * LOW HITPOINT WARNING * * *
The gnoll hits you with a +0 club!
You die...

# .. #.
..### #
...
#...##g##
#.<...g@#
#.....g##
#......
#.#.#..
#.. ..#
## ...
#..# #..


You could see 3 gnolls.

Vanquished Creatures
  2 ball pythons (D:1)
  An endoplasm (D:1)
  2 giant cockroaches (D:1)
  2 hobgoblins (D:1)
  7 jackals (D:1)
  A kobold (D:1)
  3 frilled lizards (D:1)
  A goblin (D:1)
  A rat (D:1)
20 creatures vanquished.

Notes
Turn   | Place    | Note
-------+----------+-------------------------------------------
     0 | D:1      | innerfire43 the Demonspawn Monk began the quest for the
                  | Orb.
     0 | D:1      | Reached XP level 1. HP: 18/18 MP: 1/1
   115 | D:1      | Gained mutation: You have a pair of small horns on your
                  | head. [demonic ancestry]
   115 | D:1      | Reached XP level 2. HP: 17/24 MP: 2/2
   185 | D:1      | Found a faded altar of an unknown god.
   221 | D:1      | Prayed at the altar of an unknown god.
   221 | D:1      | Became a worshipper of the Wu Jian Council
   221 | D:1      | Reached * piety under Wu Jian
   221 | D:1      | Reached ** piety under Wu Jian
   493 | D:1      | Reached *** piety under Wu Jian
   977 | D:2      | Slain by a gnoll

Illustrated notes

Levels and vault maps discovered:
D:1:      lemuel_arrival_funnel, layout_basic,
          hellmonk_ecumenical_altar_pennies_from_heaven, minmay_fountain_box,
          minmay_misc_feat_plants, minmay_tree_intersection
D:2:      layout_basic

Skill      XL: |  1  2 |
---------------+-------+-----
Dodging        | 3 |  3.0
Axes           | 3 |  3.0
Fighting       | |  3.3

Action                     || total
---------------------------++-------
  Melee: Hand axe          ||    54
         Headbutt          ||     2
Ability: Lunge             ||     1
    Use: Potion            ||     1
 Armour: Robe              ||    11
  Dodge: Dodged            ||    41

Table legend: (Time is in decaauts)
 A = Elapsed time spent in this place.
 B = Non-inter-level travel time spent in this place.
 C = Inter-level travel time spent in this place.
 D = Time resting spent in this place.
 E = Time spent auto-exploring this place.
 F = Levels seen in this place.
 G = Mean time per level.
                   A        B        C        D        E       F      G
               +--------+--------+--------+--------+--------+-----+--------+
         Total |    988 |    972 |     16 |      0 |    847 |   2 |  494.0 |
       Dungeon |    988 |    972 |     16 |      0 |    847 |   2 |  494.0 |
               +--------+--------+--------+--------+--------+-----+--------+

Top non-repeatable levels by time:
     D:1: 980 daAuts
     D:2: 7 daAuts
